 Dungeon Crawl Stone Soup version 0.24.0-123-gd5b16e6ec5 (webtiles) character file.

Game seed: 13643426552503395577, levelgen mode: deterministic

30587 Johnny the Geomancer (level 12, -8/81 HPs)
             Began as a Demigod Earth Elementalist on Feb 4, 2020.
             Mangled by a white ugly thing (35 damage)
             ... on level 14 of the Dungeon.
             The game lasted 00:24:42 (14778 turns).

Johnny the Geomancer (Demigod Earth Elementalist)  Turns: 14778, Time: 00:24:43

Health: -8/81      AC:  9    Str: 11    XL:     12   Next: 92%
Magic:  21/41      EV: 12    Int: 27    God:
Gold:   391        SH: 10    Dex: 16    Spells: 21/34 levels left

rFire    . . .     SeeInvis .   i - +6 hand axe (elec)
rCold    . . .     Gourm    .   x - +0 buckler
rNeg     . . .     Faith    .   Q - +0 troll leather armour
rPois    .         Spirit   .   (no helmet)
rElec    .         Reflect  +   R - +2 cloak
rCorr    .         Harm     .   f - +0 pair of gloves
MR       +....                  u - +0 pair of boots
Stlth    ++........             e - +3 amulet of reflection
HPRegen  0.63/turn              C - ring of magical power
MPRegen  0.27/turn              q - ring of wizardry

@: no status effects
A: high mp 1
a: no special abilities


You were on level 14 of the Dungeon.
You were not hungry.

You visited 1 branch of the dungeon, and saw 14 of its levels.

You collected 631 gold pieces.
You spent 240 gold pieces at shops.

Inventory:

Hand Weapons
 i - a +6 hand axe of electrocution (weapon)
Missiles
 b - 360 stones (quivered)
Armour
 f - a +0 pair of gloves (worn)
 u - a +0 pair of boots (worn)
 x - a +0 buckler (worn)
 Q - a +0 troll leather armour (worn)
 R - a +2 cloak (worn)
Magical Staves
 M - a cursed staff of conjuration {unknown}
Jewellery
 e - a +3 amulet of reflection (around neck)
 h - a +3 ring of strength {unknown}
 q - a ring of wizardry (right hand)
 A - an uncursed ring of protection from cold {unknown}
 C - a ring of magical power (left hand)
 F - an uncursed amulet of the acrobat
Wands
 c - a wand of digging (6)
 m - a wand of random effects (18)
 o - a wand of acid (14)
 B - a wand of polymorph (3)
 I - a wand of paralysis (4)
Scrolls
 a - 8 scrolls of remove curse
 j - 2 scrolls of noise
 l - 2 scrolls of summoning
 n - 4 scrolls of teleportation
 s - 3 scrolls of blinking
 y - 4 scrolls of fear
 E - a scroll of magic mapping {unknown}
 J - a scroll of vulnerability
 K - 2 scrolls of fog
 L - a scroll of immolation
 O - a scroll of enchant weapon
 P - a scroll of identify
Potions
 g - 3 potions of flight
 k - 3 potions of magic
 p - 6 potions of brilliance
 r - 2 potions of haste
 t - 5 potions of curing
 v - 5 potions of lignification
 w - 2 potions of degeneration {unknown}
 z - a potion of mutation {unknown}
 D - 2 potions of agility {unknown}
 G - a potion of berserk rage {unknown}
 H - a potion of heal wounds {unknown}
 N - a potion of resistance {unknown}
Comestibles
 d - 23 rations
 S - 7 chunks of flesh


   Skills:
 - Level 1.7 Dodging
 - Level 1.7 Stealth
 - Level 10.6 Shields
 + Level 11.7 Spellcasting
 - Level 0.8 Transmutations
 + Level 12.8 Earth Magic


You had 21 spell levels left.
You knew the following spells:

 Your Spells              Type           Power        Failure   Level  Hunger
a - Sandblast             Erth           ######       1%          1    None
b - Stone Arrow           Conj/Erth      ######       1%          3    None
c - Lee's Rapid Deconstr  Erth           ######....   1%          5    ###....
d - Petrify               Tmut/Erth      ######..     1%          4    None

Your spell library contained the following spells:

 Spells                   Type           Power        Failure   Level  Hunger
 Animate Skeleton         Necr           N/A          1%          1    None
 Flame Tongue             Conj/Fire      ###..        1%          1    None
 Pain                     Necr           ###.         1%          1    None
 Passwall                 Tmut/Erth      ######..     1%          2    None
 Throw Flame              Conj/Fire      ###...       2%          2    None
 Conjure Flame            Conj/Fire      ###.....     6%          3    None
 Inner Flame              Hex/Fire       ###.....     6%          3    None
 Regeneration             Chrm/Necr      ###.......   6%          3    None
 Vampiric Draining        Necr           ###.......   6%          3    None
 Animate Dead             Necr           N/A          19%         4    None
 Sticky Flame             Conj/Fire      ###.....     19%         4    None
 Fireball                 Conj/Fire      ###.......   45%         5    ###....


Dungeon Overview and Level Annotations

Branches:
Dungeon (14/15)            Temple (0/1) D:7            Lair (0/6) D:10
    Orc (0/2) D:12
 Vaults: D:13-14

Shops:
D:7 =   D:14 (

Annotations:
D:14 3 runed translucent doors, Peloso's ghost, journeyman MiFi


Innate Abilities, Weirdness & Mutations

You have an increased reservoir of magic. (+10% MP)


Message History

Confirm with . or Enter, or press ? or * to list all spells.
Aiming: Sandblast (safe; 1% risk of failure)
Press: ? - help, Shift-Dir - straight line, f/p - white ugly thing
Aim: a white ugly thing (severely wounded)
The blast of sand misses the white ugly thing.
The blast of sand hits the wyvern.
The wyvern is lightly wounded.
b - 361 stones The white ugly thing closely misses you.
Casting: Sandblast (safe; 1% risk of failure)
Confirm with . or Enter, or press ? or * to list all spells.
Aiming: Sandblast (safe; 1% risk of failure)
Press: ? - help, Shift-Dir - straight line, f/p - white ugly thing
Aim: a white ugly thing (severely wounded)
The blast of sand misses the white ugly thing.
The blast of sand misses the wyvern.
The blast of sand hits the vault guard but does no damage.
b - 360 stones The white ugly thing gores you!
The white ugly thing freezes you!!
You die...

##### #...# #...# #...#######
#...รท.....###
####.#######...# #.#(## #...#
#### #@## #...#### #..# #u#.#
#....... ###..# #l# ##
#....... .....# #p#
########......# ..#### #.#
#............## ..#..# #.#
#..........### ..#..# #)#
#..........# ..#..# ###
#..........# .
..##'####.########...........#
.


You could see a vault guard, a white ugly thing and a wyvern.

Vanquished Creatures
  Roxanne (D:14)
  5 centaur warriors
  2 two-headed ogres
  An unseen horror (D:10)
  11 ugly things
  2 manticores
  3 cyclopes (D:14)
  2 centaur zombies
  2 centaur skeletons
  A gargoyle (D:14)
  2 kobold demonologists
  6 trolls
  2 hornets (D:10)
  6 hippogriffs
  A water elemental (D:12)
  A meliai zombie (D:14)
  19 yaks
  Sigmund (D:3)
  3 shadows
  A centaur simulacrum (D:14)
  A basilisk (D:11)
  Menkaure (D:6)
  A soldier ant (D:10)
  9 orc warriors
  5 ice beasts
  A black bear (D:7)
  3 phantoms
  4 sky beasts
  An eye of draining (D:14)
  7 ogres
  An eye of draining (shapeshifter) (D:14)
  13 centaurs
  7 big kobolds
  9 bullfrogs
  6 gnoll sergeants
  5 scorpions
  A water moccasin skeleton (D:8)
  13 killer bees
  5 wights (D:9)
  4 howler monkeys
  4 electric eels (D:12)
  3 crimson imps
  A bullfrog zombie (D:12)
  A quasit (D:8)
  2 bullfrog skeletons (D:6)
  2 jellies (D:10)
  2 gnoll shamans
  7 hounds
  8 orc priests
  17 orc wizards
  6 iguanas
  Natasha (thrice) (D:3)
  12 worker ants
  2 hound zombies
  A howler monkey zombie (D:6)
  2 worker ant zombies (D:8)
  24 gnolls
  A howler monkey skeleton (D:4)
  16 adders
  A shadow imp (D:14)
  An ooze (D:4)
  An adder skeleton (D:8)
  2 worms (D:3)
  9 leopard geckos
  56 orcs
  7 giant cockroaches
  9 goblins
  8 hobgoblins
  10 jackals
  4 quokkas
  4 ball pythons
  A ball python skeleton (D:4)
  15 bats
  2 jackal skeletons
  29 kobolds
  5 rats
447 creatures vanquished.

Vanquished Creatures (others)
  2 centaurs
  A plant (D:12)
  A withered plant (D:14)
4 creatures vanquished.

Grand Total: 451 creatures vanquished

Notes
Turn   | Place    | Note
-------+----------+-------------------------------------------
     0 | D:1      | Johnny the Demigod Earth Elementalist began the quest for
                  | the Orb.
     0 | D:1      | Reached XP level 1. HP: 14/14 MP: 5/5
   168 | D:1      | Reached skill level 3 in Earth Magic
   229 | D:1      | Reached XP level 2. HP: 18/20 MP: 2/7
   974 | D:2      | Reached XP level 3. HP: 26/26 MP: 2/9
  1347 | D:2      | Reached XP level 4. HP: 24/33 MP: 8/11
  1364 | D:2      | Learned a level 3 spell: Stone Arrow
  1403 | D:3      | Reached skill level 4 in Earth Magic
  1801 | D:3      | Reached XP level 5. HP: 38/38 MP: 8/13
  2069 | D:3      | Noticed Natasha
  2074 | D:3      | Noticed Sigmund
  2210 | D:3      | Killed Natasha
  2221 | D:3      | Noticed Natasha
  2223 | D:3      | Killed Natasha
  2247 | D:3      | Noticed Natasha
  2252 | D:3      | Killed Natasha
  2399 | D:3      | Killed Sigmund
  2399 | D:3      | Reached skill level 5 in Earth Magic
  2399 | D:3      | Reached XP level 6. HP: 24/45 MP: 15/15
  2611 | D:4      | Found an iron altar of Okawaru.
  2950 | D:4      | Reached XP level 7. HP: 50/50 MP: 14/17
  3008 | D:4      | Reached skill level 5 in Spellcasting
  3479 | D:4      | You fall into a shaft and drop 1 floor!
  3479 | D:5      | Entered Level 5 of the Dungeon
  3703 | D:5      | Reached skill level 6 in Earth Magic
  3827 | D:5      | Learned a level 5 spell: Lee's Rapid Deconstruction
  3832 | D:5      | Learned a level 4 spell: Petrify
  3921 | D:5      | Found a shadowy altar of Dithmenos.
  4727 | D:6      | Reached XP level 8. HP: 12/57 MP: 17/20
  4773 | D:6      | Reached skill level 7 in Earth Magic
  5471 | D:6      | Reached skill level 1 in Shields
  5683 | D:6      | Noticed Menkaure
  5688 | D:6      | Killed Menkaure
  6154 | D:7      | Reached skill level 8 in Earth Magic
  6178 | D:7      | Noticed a hippogriff
  6440 | D:7      | Killed a hippogriff
  6440 | D:7      | Reached XP level 9. HP: 62/62 MP: 14/23
  6761 | D:7      | Found a staircase to the Ecumenical Temple.
  6807 | D:7      | Found Kyzxo's Jewellery Boutique.
  6815 | D:7      | Bought an uncursed ring of magical power for 240 gold
                  | pieces
  6828 | D:7      | Found a shadowy altar of Dithmenos.
  7337 | D:7      | Found a radiant altar of Vehumet.
  7342 | D:7      | Found a basalt altar of Yredelemnul.
  7510 | D:7      | Reached skill level 9 in Earth Magic
  7810 | D:8      | Reached skill level 5 in Shields
  8263 | D:9      | Reached XP level 10. HP: 55/69 MP: 16/26
  9078 | D:9      | Reached skill level 10 in Earth Magic
  9084 | D:10     | Entered Level 10 of the Dungeon
  9223 | D:10     | Found a staircase to the Lair.
  9719 | D:10     | Killed an unseen horror
 10204 | D:10     | Noticed a two-headed ogre
 10215 | D:10     | Killed a two-headed ogre
 10215 | D:10     | Reached XP level 11. HP: 53/74 MP: 21/28
 11149 | D:11     | Noticed a two-headed ogre
 11155 | D:11     | Killed a two-headed ogre
 11411 | D:11     | Reached skill level 10 in Spellcasting
 11411 | D:11     | Reached skill level 11 in Earth Magic
 11779 | D:12     | Noticed a centaur warrior
 11789 | D:12     | Killed a centaur warrior
 13018 | D:12     | Found a staircase to the Orcish Mines.
 13525 | D:13     | Paralysed by an orc for 4 turns
 13677 | D:13     | Reached XP level 12. HP: 78/81 MP: 31/31
 13699 | D:13     | Noticed a centaur warrior
 13761 | D:14     | Noticed a centaur warrior
 13772 | D:14     | Killed a centaur warrior
 13843 | D:14     | Found a runed translucent gate.
 13843 | D:14     | Found a runed translucent gate.
 13844 | D:14     | Found a runed translucent gate.
 13922 | D:14     | Identified Roxanne's Compendium of Transmigration
 13922 | D:14     | Noticed Roxanne
 13928 | D:14     | Killed Roxanne
 13928 | D:14     | Reached skill level 12 in Earth Magic
 13944 | D:14     | Reached skill level 10 in Shields
 13994 | D:14     | Noticed a centaur warrior
 13997 | D:14     | Killed a centaur warrior
 14142 | D:14     | Noticed a centaur warrior
 14144 | D:14     | Killed a centaur warrior
 14265 | D:14     | Found Josoo's Weapon Boutique.
 14695 | D:14     | Noticed Peloso's ghost (journeyman MiFi)
 14769 | D:14     | Noticed a centaur warrior
 14772 | D:14     | Killed a centaur warrior
 14775 | D:14     | Noticed a centaur warrior
 14775 | D:14     | Noticed a vault guard
 14778 | D:14     | Mangled by a white ugly thing

Levels and vault maps discovered:
D:1:      mrwooster_arrival_statue_3, layout_loops_ring
D:2:      layout_rooms, first_ration
D:3:      layout_rooms, uniq_sigmund, uniq_natasha
D:4:      layout_basic, nicolae_overflow_crystal_walls, serial_bayou,
          serial_bayou_pond_d, serial_bayou_shore_b, serial_bayou_ford_a,
          serial_bayou_pond_a
D:5:      layout_basic, kennysheep_mini_moat
D:6:      layout_cave_pools, minmay_misc_feat_roman, uniq_menkaure
D:7:      layout_basic, minitemple, temple_green, serial_shops, shop,
          basic_altar
D:8:      layout_basic
D:9:      layout_rooms, nicolae_overflow_hidden_temple, kennysheep_small_square
D:10:     layout_roguey, lair_entry_dummy, hangedman_pestilent_swarm,
          minmay_misc_feat_rugged
D:11:     layout_grid_maze, kennysheep_small_spiral
D:12:     layout_stronghold, kennysheep_orc_monster_closet_entryway,
          serial_bayou_lake_a
D:13:     layout_rooms, basic_altar, gammafunk_ghost_stat_death,
          minmay_more_statues, uniq_frances
D:14:     layout_irregular_city, david_vaults_5, serial_shops,
          nicolae_shop_temple_entry_statues_fountains, gammafunk_ghost_cemetery,
          uniq_roxanne

Skill      XL: |  1  2  3  4  5  6  7  8  9 10 11 12 |
---------------+-------------------------------------+-----
Spellcasting   | 2 3 4 6 7 8 9 10 11 | 11.7
Earth Magic    | 3 4 5 6 8 9 10 11 12 | 12.8
Shields        | 3 5 7 9 10 | 10.6
Dodging        | |  1.7
Stealth        | |  1.7
Transmutations | |  0.8

Action                   |  1- 3 |  4- 6 |  7- 9 | 10-12 || total
-------------------------+-------+-------+-------+-------++-------
Melee: Unarmed           |    67 |     4 |       |       ||    71
       Hand axe          |       |    15 |   186 |   224 ||   425
 Cast: Sandblast         |    66 |    51 |    52 |   113 ||   282
       Stone Arrow       |       |     3 |    40 |    59 ||   102
       Lee's Rapid Decon |       |       |    27 |   103 ||   130
       Petrify           |       |       |     5 |    13 ||    18
Evoke: Wand              |       |    11 |     5 |    15 ||    31
  Use: Scroll            |       |     2 |    12 |     6 ||    20
       Potion            |       |     2 |       |     2 ||     4
 Stab: Sleeping          |     2 |     1 |     3 |     2 ||     8
       Distracted        |       |       |     1 |       ||     1
       Petrified         |       |       |     6 |       ||     6
  Eat: Chunk             |     2 |     5 |    17 |    34 ||    58
       Ration            |       |       |     2 |       ||     2
Armor: Robe              |    40 |    12 |    43 |    37 ||   132
       Troll leather arm |       |       |       |    32 ||    32
Dodge: Dodged            |    71 |    37 |   126 |   163 ||   397
Block: Other             |       |       |    11 |       ||    11
       Buckler           |       |       |    71 |   189 ||   260
       Reflection        |       |       |     3 |    29 ||    32
